 Dungeon Crawl Stone Soup version 0.22.1-1-ga44c0e5 (webtiles) character file.

1808 dvd the Covered (level 8, -9/66 HPs)
             Began as a Demigod Fighter on Nov 10, 2018.
             Mangled by a two-headed ogre
             ... wielding a cursed +0 giant spiked club
              (14 damage)
             ... on level 8 of the Dungeon.
             The game lasted 00:14:06 (6847 turns).

dvd the Covered (Demigod Fighter)                   Turns: 6847, Time: 00:14:08

Health: -9/66      AC:  9    Str: 31    XL:     8   Next: 54%
Magic:  10/10      EV:  9    Int: 12    God:
Gold:   179        SH: 11    Dex: 17    Spells: 5/7 levels left

rFire    . . .     SeeInvis .   a - +3 long sword
rCold    . . .     Gourm    .   v - +0 shield
rNeg     . . .     Faith    .   y - +1 scale mail {rPois}
rPois    +         Spirit   .   (no helmet)
rElec    .         Reflect  .   C - +0 cloak
rCorr    .         Harm     .   (no gloves)
MR       .....     Rnd*Tele +   (no boots)
Stlth    ..........             (no amulet)
HPRegen  0.21/turn              i - +5 ring of strength
MPRegen  0.12/turn              I - ring of teleportation (curse)

@: mighty
A: high mp 1
a: no special abilities


You were on level 8 of the Dungeon.
You were hungry.

You visited 1 branch of the dungeon, and saw 8 of its levels.

You collected 340 gold pieces.
You spent 161 gold pieces at shops.

Inventory:

Hand Weapons
 a - a +3 long sword (weapon)
 b - a +2 short sword of venom
 c - a +2 flail of draining
 r - a +2 spear of flaming
 z - a cursed -3 hand axe
 A - a +2 dagger of venom
 D - a +3 quarterstaff of chaos
 E - a +0 mace of protection
 G - a +4 falchion
Missiles
 e - a poisoned tomahawk (quivered)
 p - 7 tomahawks
Armour
 v - a +0 shield (worn)
 y - a +1 scale mail of poison resistance (worn)
 C - a +0 cloak (worn)
Jewellery
 i - a +5 ring of strength (left hand)
 B - an uncursed ring of see invisible
 I - a cursed ring of teleportation (right hand)
Wands
 F - a wand of flame (41)
Scrolls
 g - 4 scrolls of fog
 k - 3 scrolls of teleportation {unknown}
 l - a scroll of enchant weapon {unknown}
 m - 4 scrolls of identify {unknown}
 s - 2 scrolls of magic mapping {unknown}
 u - a scroll of enchant armour {unknown}
 w - a scroll of amnesia
 H - a scroll of blinking {unknown}
Potions
 d - 2 potions of might
 h - a potion of brilliance {unknown}
 j - 3 potions of curing {unknown}
 n - a potion of magic {unknown}
 o - a potion of haste {unknown}
 q - 3 potions of heal wounds {unknown}
 t - a potion of agility {unknown}
 x - a potion of degeneration {unknown}
 J - a potion of ambrosia {unknown}
Comestibles
 f - 16 rations
 K - 2 chunks of flesh


   Skills:
 + Level 4.0 Fighting
 + Level 4.3(5.4) Short Blades
 + Level 4.9(5.7) Long Blades
 + Level 2.0 Throwing
 + Level 5.9 Armour
 + Level 2.0 Dodging
 + Level 5.1 Shields


You had 5 spell levels left.
You knew the following spells:

 Your Spells              Type           Power        Failure   Level  Hunger
a - Blink                 Tloc           N/A          98%         2    ###....

Your spell library contained the following spells:

 Spells                   Type           Power        Failure   Level  Hunger
 Magic Dart               Conj           #...         93%         1    ##.....
 Call Imp                 Summ           #.......     98%         2    ###....
 Slow                     Hex            #.......     98%         2    ###....
 Conjure Flame            Conj/Fire      #.......     100%        3    ####...
 Mephitic Cloud           Conj/Pois/Air  #.......     100%        3    ####...


Dungeon Overview and Level Annotations

Branches:
Dungeon (8/15)             Temple (0/1) D:7
   Lair: D:8-11

Shops:
D:4 [   D:5 [   D:6 %

Annotations:
D:8 Harold


Innate Abilities, Weirdness & Mutations

You have an increased reservoir of magic. (+10% MP)


Message History

You feel very mighty all of a sudden.
The two-headed ogre completely misses you.
The two-headed ogre hits you with a dire flail!
You slash the two-headed ogre!
The two-headed ogre is lightly wounded.
You hit the two-headed ogre.
The two-headed ogre is moderately wounded.
You block the two-headed ogre's attack. The two-headed ogre closely misses you.
You slash the two-headed ogre!
The two-headed ogre is heavily wounded.
The two-headed ogre hits you with a giant spiked club!
The two-headed ogre hits you with a dire flail.
You slash the two-headed ogre!
The two-headed ogre is severely wounded.
You are feeling hungry.
The two-headed ogre hits you with a giant spiked club!!
Ouch! That really hurt!
* * * LOW HITPOINT WARNING * * *
The two-headed ogre hits you with a dire flail!
You die...

############
#.>.....(..#
#..........#
#..)..O....#
#.....@....#
#..........#
#..........#
#.............
#..........###
#......%...#
#.........:#
######.#####


You could see a two-headed ogre.

Vanquished Creatures
  3 ogres
  A phantom (D:7)
  2 sky beasts
  A centaur (D:5)
  A bullfrog (D:6)
  A scorpion (D:5)
  4 wights (D:7)
  4 crimson imps
  A bullfrog zombie (D:2)
  A centaur zombie (D:6)
  A hound (D:6)
  2 jellies (D:6)
  Crazy Yiuf (D:6)
  2 orc priests
  An iguana (D:7)
  5 orc wizards
  4 worker ants
  4 gnolls (D:2)
  11 adders
  A shadow imp (D:6)
  An adder skeleton (D:6)
  An adder zombie (D:7)
  2 worms
  2 dart slugs (D:1)
  4 leopard geckos
  26 orcs
  8 bats
  5 giant cockroaches
  5 goblins
  9 hobgoblins
  4 jackals (D:6)
  9 kobolds
  2 quokkas
  A ball python (D:3)
  3 frilled lizards
  A jackal skeleton (D:5)
  4 rats
138 creatures vanquished.

Notes
Turn   | Place    | Note
-------+----------+-------------------------------------------
     0 | D:1      | dvd the Demigod Fighter began the quest for the Orb.
     0 | D:1      | Reached XP level 1. HP: 18/18 MP: 3/3
   115 | D:1      | Reached XP level 2. HP: 21/25 MP: 4/4
   415 | D:1      | Found a sparkling altar of Nemelex Xobeh.
   708 | D:2      | Reached XP level 3. HP: 31/31 MP: 5/5
   886 | D:2      | Reached XP level 4. HP: 22/38 MP: 6/6
  1439 | D:2      | Found a bloodstained altar of Trog.
  1942 | D:3      | Reached XP level 5. HP: 26/45 MP: 7/7
  2630 | D:4      | Reached skill level 1 in Short Blades
  2643 | D:4      | Found a glowing golden altar of the Shining One.
  2643 | D:4      | Found a radiant altar of Vehumet.
  2663 | D:4      | Found a burning altar of Makhleb.
  2665 | D:4      | Found a faded altar of an unknown god.
  2666 | D:4      | Found a faded altar of an unknown god.
  3100 | D:4      | Found Jaunous's Antique Armour Shop.
  3104 | D:4      | Bought a runed scale mail for 161 gold pieces
  3375 | D:5      | Entered Level 5 of the Dungeon
  3444 | D:5      | Reached XP level 6. HP: 51/51 MP: 8/8
  3641 | D:5      | Reached skill level 1 in Throwing
  3646 | D:5      | Found an ancient bone altar of Kikubaaqudgha.
  3673 | D:5      | Found a deep blue altar of Sif Muna.
  3697 | D:5      | Found Yriobul's Antique Armour Shoppe.
  4139 | D:5      | Reached XP level 7. HP: 52/57 MP: 9/9
  4614 | D:6      | Reached skill level 1 in Dodging
  4657 | D:6      | Found a runed door.
  4662 | D:6      | Noticed Crazy Yiuf
  4673 | D:6      | Killed Crazy Yiuf
  4908 | D:6      | Reached skill level 5 in Armour
  4924 | D:6      | Found Uzxeusih's Food Shop.
  5229 | D:6      | Found an ornate altar of the Wu Jian Council.
  5599 | D:7      | Learned a level 2 spell: Blink
  5784 | D:7      | Found a staircase to the Ecumenical Temple.
  5794 | D:7      | Reached XP level 8. HP: 34/64 MP: 10/10
  6161 | D:7      | Reached skill level 5 in Shields
  6634 | D:8      | Noticed Harold
  6842 | D:8      | Noticed a two-headed ogre
  6847 | D:8      | Mangled by a two-headed ogre

Skill      XL: |  1  2  3  4  5  6  7  8 |
---------------+-------------------------+-----
Long Blades    | 2 3 4 |  4.9
Armour         | 3 4 5 |  5.9
Shields        | 3 4 5 |  5.1
Fighting       | 3 4 |  4.0
Short Blades   | 2 3 4 |  4.3
Throwing       | 1 2 |  2.0
Dodging        | 1 2 |  2.0

Action                   |  1- 3 |  4- 6 |  7- 9 || total
-------------------------+-------+-------+-------++-------
Melee: Long sword        |    73 |    35 |   108 ||   216
       Short sword       |       |   184 |   110 ||   294
       Falchion          |       |       |     5 ||     5
Throw: Tomahawk          |     6 |    20 |     8 ||    34
  Use: Scroll            |       |     3 |       ||     3
       Potion            |       |       |     1 ||     1
  Eat: Chunk             |       |    10 |     9 ||    19
Armor: Scale mail        |    28 |    72 |    78 ||   178
Dodge: Dodged            |    20 |    31 |    74 ||   125
Block: Shield            |    32 |   129 |    95 ||   256
       Rpst.: Long sword |     8 |     1 |    10 ||    19
